Unix NetHack Version 5.0.0-0 post-release - last build May 23 2026 06:08:33 (1c0ff79ee797540d5714e4e18072db0edd9e58ae,branch:main).

Game began 2026-05-27 01:25:22, ended 2026-05-28 20:39:39.

Conradmonkey, neutral male gnomish Wizard

                         ---          ---
                         |. ---        .
                         |. ..|  ---   .
                         |. *.|---.-- -.
                         |. ..--....| |.
                         |.|........--|.-
                         |.|-.--.....--.|
                         |.||.|.........--
                         |.-|............|
                         |..|.....h<.--..|    --                   ---
                         |.........h.--.*-- - .`|                 --..-   ----
                         |........%.i.....--....|          ----- --....----..--
                         -.--...................|     -.....[.................|
                         ..||.......@uf)......---     ---     ----...........--
                        ..----.-.....^.^.---.--         |.................>..|
                       ..-   |.....G.....|  --          --  --------.......---
                      -.     |`.--.......|                         |.......|
                      --     |..||...`.---                         ---.....|
                             |..|-------                             ---..--
                             ----                                      ----
Conradmonkey the Thaumaturge  St:10 Dx:12 Co:13 In:19 Wi:14 Ch:14  Neutral
Dlvl:5  $:87 HP:0(44) Pw:47(80) AC:4  Xp:7 T:7653 

Latest messages:
 Click!  The gray unicorn triggers something.
 The boulder misses the gray unicorn.
 You swap places with your housecat.
 The housecat falls into a pit!
 The rabid rat bites!
 In what direction? 3
 The spell hits the rabid rat!
 You kill the rabid rat!
 The hobbit shoots a rock!
 You are almost hit by a rock.
 You materialize in a different location!
 The hobbit shoots a rock!
 A rock misses you.
 The hobbit picks up a gem.
 The housecat climbs out of the pit.
 The gray unicorn vanishes!
 You sense the presence of monsters.
 (For instructions type a '?')
 The hobbit shoots a rock!
 You are hit by a rock.
 The hobbit picks up a rock.
 The hobbit shoots a rock!
 You are hit by a rock.
 The hobbit shoots an orange gem!
 The orange gem misses the black unicorn.
 You are hit by an orange gem.
 In what direction? 7
 The spell hits the dwarf!
 You kill the dwarf!
 The hobbit shoots an orange gem!
 You are hit by an orange gem.
 You hit the giant rat.
 You kill the giant rat!
 The hobbit shoots a blue gem!
 You are hit by a blue gem.
 In what direction? 3
 The black unicorn picks up an orange gem.
 The black unicorn butts!
 The black unicorn kicks!
 The black unicorn butts!
 The black unicorn kicks!
 In what direction? <esc>
 The magical energy is released!
 The black unicorn butts!
 You die...
 Do you want your possessions identified? [ynq] (y) y
 Do you want to see your attributes? [ynq] (y) y
 Do you want an account of creatures vanquished? [ynaq] (y) y
 Do you want to see your conduct and achievements? [ynq] (y) y
 Do you want to see the dungeon overview? [ynq] (y) y

Inventory:
 Coins    ('$')
  $ - 87 gold pieces
 Amulets  ('"')
  o - an uncursed amulet of magical breathing
 Weapons  (')')
  a - a blessed +1 quarterstaff (weapon in hands)
 Armor    ('[')
  E - an uncursed +0 dwarvish iron helm (being worn)
  z - a blessed +1 pair of iron shoes (being worn)
  b - an uncursed +0 cloak of magic resistance (being worn)
  x - a cursed -5 oilskin cloak
 Scrolls  ('?')
  k - 3 uncursed scrolls of blank paper
  w - an uncursed scroll of remove curse
 Spellbooks  ('+')
  m - an uncursed spellbook of detect monsters
  l - a blessed spellbook of force bolt
  q - an uncursed spellbook of invisibility
 Potions  ('!')
  g - an uncursed potion of levitation
  f - a blessed potion of monster detection
  s - a potion of unholy water
 Rings    ('=')
  e - a blessed +2 ring of adornment (on right hand)
  d - an uncursed ring of fire resistance (on left hand)
 Wands    ('/')
  t - a wand of digging (1:5)
  p - a blessed wand of light (0:8)
  y - a wand of polymorph (0:4)
  c - a wand of slow monster (0:5)
  C - a wand of striking (0:5)
 Tools    ('(')
  n - a magic marker (0:20)
  r - an uncursed skeleton key

Conradmonkey the Wizard's attributes:

Background:
 You were a Thaumaturge, a level 7 male gnomish Wizard.
 You were neutral, on a mission for Thoth
 who was opposed by Ptah (lawful) and Anhur (chaotic).
 You were right-handed.
 You were in the Gnomish Mines, on level 5.
 You entered the dungeon 7653 turns ago.
 You had 700 experience points, 580 more were needed to attain level 8.

Basics:
 You had 0 out of 44 hit points.
 You had 47 out of 80 energy points (spell power).
 Your armor class was 4.
 Your wallet contained 87 zorkmids.
 Autopickup was off.

Final Characteristics:
 Your strength was 10 (limit:18/50).
 Your dexterity was 12 (limit:18).
 Your constitution was 13 (limit:18).
 Your intelligence was 19 (limit:19).
 Your wisdom was 14 (limit:18).
 Your charisma was 14 (base:12, limit:18).

Final Status:
 You weren't hungry.
 You were unencumbered.
 You were wielding a quarterstaff.
 You were skilled in quarterstaff.

Final Attributes:
 You were piously aligned.
 You were magic-protected.
 You were fire resistant.
 Your items were protected from fire.
 You were telepathic.
 You had infravision.
 You were more charismatic.
 You could teleport.
 You were warded.
 You were fast.
 You were unlucky.
 You are dead.

Miscellaneous:
 You didn't encounter any bones levels.
 Total elapsed playing time was 1 hour, 43 minutes and 39 seconds.

Major events:
 Turn
    1: Conradmonkey the neutral male gnomish Wizard entered the dungeon
  998: attained the rank of Conjurer (level 3)
 5708: attained the rank of Thaumaturge (level 6)
 6414: entered the Gnomish Mines
 7653: killed by a black unicorn

Spells:
 Name                 Level Category     Fail Retention
 force bolt             1   attack         0%   61%-70%
 detect monsters        1   divination     0%   51%-75%
 invisibility           4   escape       100%   51%-75%

Skills:
 Fighting Skills
   bare handed combat [Unskilled]
   riding             [Unskilled]
 Weapon Skills
   dagger             [Unskilled]
   knife              [Unskilled]
   axe                [Unskilled]
   short sword        [Unskilled]
   club               [Unskilled]
   mace               [Unskilled]
   quarterstaff       [Skilled]
   polearms           [Unskilled]
   spear              [Unskilled]
   trident            [Unskilled]
   sling              [Unskilled]
   dart               [Unskilled]
   shuriken           [Unskilled]
 Spellcasting Skills
   attack spells      [Basic]
   healing spells     [Unskilled]
   divination spells  [Unskilled]
   enchantment spells [Basic]
   clerical spells    [Unskilled]
   escape spells      [Unskilled]
   matter spells      [Unskilled]

Voluntary challenges:
 Character rerolling was not enabled.
 You never genocided any monsters.
 You never polymorphed an object.
 You never changed form.
 You used no wishes.
Achievements:
 You attained the rank of Conjurer.
 You attained the rank of Thaumaturge.
 You entered the Gnomish Mines.

 The Dungeons of Doom: levels 1 to 3
    Level 1:
       Some fountains.
    Level 2:
       A fountain.
    Level 3:
       A fountain.
       Stairs down to The Gnomish Mines.
 The Gnomish Mines: levels 4 to 5
    Level 4:
    Level 5: <- You were here.
       Final resting place for
          you, killed by a black unicorn.


Vanquished creatures:
  a leprechaun
  a gnome mummy
  a bugbear
  2 mountain nymphs
  a rock piercer
  2 rock moles
  a fog cloud
  2 shriekers
  a kobold mummy
  a gray ooze
  a paper golem
  a giant ant
  2 floating eyes
  3 dwarves
  3 hill orcs
  2 rabid rats
  a giant bat
  6 orc zombies
  a wererat
  a werejackal
  2 iguanas
 an acid blob
  3 gas spores
  7 hobbits
  a hobgoblin
  8 giant rats
  2 brown molds
  4 yellow molds
  a green mold
  a red mold
  3 gnomes
  2 gnome zombies
 11 geckos
 17 jackals
  2 foxes
  4 kobolds
  8 goblins
  5 grid bugs
  3 bats
  7 lichens
  a kobold zombie
 13 newts
140 creatures vanquished.

No species were genocided or became extinct.

Game over:
                       ----------
                      /          \
                     /    REST    \
                    /      IN      \
                   /     PEACE      \
                  /                  \
                  |   Conradmonkey   |
                  |      87 Au       |
                  |   killed by a    |
                  |  black unicorn   |
                  |                  |
                  |                  |
                  |       2026       |
                 *|     *  *  *      | *
        _________)/\\_//(\/(/\)/\//\/|_)_______

Goodbye Conradmonkey the Wizard...

You died in The Gnomish Mines on dungeon level 5 with 3179 points,
and 87 pieces of gold, after 7653 moves.
You were level 7 with a maximum of 44 hit points when you died.

